 Dungeon Crawl Stone Soup version 0.28.0-56-g4927b6849a (webtiles) character file.

Game seed: 7588309442317425865

23 doop the Slasher (level 2, 0/22 HPs)
             Began as a Demonspawn Gladiator on Feb 10, 2023.
             Slain by a jackal (1 damage)
             ... on level 1 of the Dungeon.
             The game lasted 00:04:14 (336 turns).

doop the Slasher (Demonspawn Gladiator)              Turns: 336, Time: 00:04:14

Health: 0/22       AC:  6    Str: 14    XL:     2   Next: 75%
Magic:  2/2        EV: 12    Int:  9    God:
Gold:   25         SH:  0    Dex: 14    Spells: 1/1 levels left

rFire   . . .      SeeInvis .   (no weapon)
rCold   . . .      Faith    .   (no shield)
rNeg    + . .      Spirit   .   h - +2 leather armour {rN+}
rPois   .          Reflect  .   c - +0 helmet
rElec   .          Harm     .   (no cloak)
rCorr   .          Rampage  .   (no gloves)
Will    .....                   (no boots)
Stlth   +.........              (no amulet)
HPRegen 0.07/turn               (no ring)
MPRegen 0.08/turn               (no ring)

@: attractive
A: claws 1
a: no special abilities


You were on level 1 of the Dungeon.
You visited 1 branch of the dungeon, and saw 1 of its levels.

You collected 25 gold pieces.

Inventory:

Hand Weapons
 a - a +0 long sword
Missiles
 d - 3 throwing nets (quivered)
 i - 18 bolts
Armour
 b - a +0 leather armour
 c - a +0 helmet (worn)
 g - a +0 robe
 h - a +2 leather armour of positive energy (worn)
Scrolls
 e - a scroll of identify {unknown}
 f - a scroll of vulnerability {unknown}


   Skills:
 + Level 2.2 Fighting
 + Level 3.2 Long Blades
 + Level 1.8 Throwing
 + Level 3.0 Dodging
 + Level 0.1 Unarmed Combat


You had one spell level left.
You didn't know any spells.
Your spell library was empty.

Dungeon Overview and Level Annotations

Branches:
Dungeon (1/15)

Altars:


Innate Abilities, Weirdness & Mutations

You have sharp fingernails.


Message History

The rat bites you. The goblin is attracted toward you.
You closely miss the goblin. The jackal barely misses you.
The rat closely misses you. The goblin barely misses you.
The rat closely misses you. The jackal closely misses you.
You scratch the goblin but do no damage.
The rat barely misses you. The goblin hits you with a +0 dagger.
The jackal bites you.
* * * LOW HITPOINT WARNING * * *
The rat bites you but does no damage.
You scratch the goblin.
The goblin is severely wounded.
The jackal bites you.
* * * LOW HITPOINT WARNING * * *
The rat barely misses you. The goblin hits you but does no damage.
The rat bites you but does no damage. The jackal bites you.
* * * LOW HITPOINT WARNING * * *
You closely miss the rat. The rat misses you. The goblin completely misses you.
The jackal bites you but does no damage.
The rat bites you but does no damage.
You scratch the goblin but do no damage.
The goblin is severely wounded.
The jackal misses you. The rat bites you.
* * * LOW HITPOINT WARNING * * *
The goblin hits you but does no damage. The rat bites you but does no damage.
The jackal bites you.
* * * LOW HITPOINT WARNING * * *
The goblin closely misses you.
The jackal bites you but does no damage.
The bat misses you. The bat closely misses you. The jackal barely misses you.
The rat is attracted toward you.
You scratch the rat.
You kill the rat!
The bat hits you but does no damage. The rat bites you but does no damage.
The jackal barely misses you. The goblin is attracted toward you.
You scratch the goblin.
You kill the goblin!
The bat closely misses you. The rat bites you but does no damage.
The jackal bites you.
You die...

#. #### #.##($ ###
#.#... ....
##.#..# .....
#..##.## #..... .
#...#..####......
..###
##.#..)†.r........
.....#
#......†§b@.......
..#...#
##..###..h........
....... ##.#
##..........
....###
#.#####.....#... .
# #...# ####### ##
### ###.# #.. #.##
. #.# #..## .. #<#
##..# #######>.#
###


You could see a jackal, a bat and a rat.

Vanquished Creatures
  A dart slug (D:1)
  A ball python (D:1)
  An endoplasm (D:1)
  3 goblins (D:1)
  5 hobgoblins (D:1)
  A jackal (D:1)
  2 bats (D:1)
  2 frilled lizards (D:1)
  5 rats (D:1)
21 creatures vanquished.

Vanquished Creatures (others)
  A hobgoblin (D:1)
1 creature vanquished.

Grand Total: 22 creatures vanquished

Notes
Turn   | Place    | Note
-------+----------+-------------------------------------------
     0 | D:1      | doop the Demonspawn Gladiator began the quest for the Orb.
     0 | D:1      | Reached XP level 1. HP: 16/16 MP: 1/1
   121 | D:1      | Gained mutation: You have sharp fingernails. [demonic
                  | ancestry]
   121 | D:1      | Reached XP level 2. HP: 22/22 MP: 2/2
   205 | D:1      | Found a faded altar of an unknown god.
   332 | D:1      | HP: 1/22 [jackal (3)]
   336 | D:1      | Slain by a jackal

Illustrated notes

Levels and vault maps discovered:
D:1:      evilmike_arrival_hilbert_curve, layout_rooms,
          chequers_ecumenical_altar_simple, minmay_close_crescents

Skill      XL: |  1  2 |
---------------+-------+-----
Long Blades    | 3 |  3.2
Dodging        | 3 |  3.0
Fighting       | |  2.2
Throwing       | |  1.8
Unarmed Combat | |  0.1

Action                   || total
-------------------------++-------
Melee: Long sword        ||    20
       Unarmed           ||    46
       Punch             ||     1
  Use: Potion            ||     1
Armor: Leather armour    ||    72
Dodge: Dodged            ||   126
